 Dungeon Crawl Stone Soup version 0.28.0-45-g0d030f2227 (webtiles) character file.

Game seed: 11974667390961471762

102 Cykl0x the Digger (level 4, -3/24 HPs)
             Began as a Gargoyle Earth Elementalist on Apr 8, 2022.
             Slain by an orc
             ... wielding a +0 hand axe
              (5 damage)
             ... on level 2 of the Dungeon.
             The game lasted 00:03:23 (1325 turns).

Cykl0x the Digger (Gargoyle Earth Elementalist)     Turns: 1325, Time: 00:03:23

Health: -3/24      AC:  5    Str: 12    XL:     4   Next: 78%
Magic:  1/8        EV: 16    Int: 17    God:
Gold:   52         SH:  0    Dex: 10    Spells: 4/8 levels left

rFire   . . .      SeeInvis .   h - +0 whip
rCold   . . .      Faith    .   (no shield)
rNeg    + . .      Spirit   .   b - +0 robe
rPois   ∞          Reflect  .   (no helmet)
rElec   +          Harm     .   (no cloak)
rCorr   .          Rampage  .   (no gloves)
Will    .....                   (no boots)
Stlth   ++........              (no amulet)
HPRegen 0.08/turn               f - +4 ring of evasion
MPRegen 0.11/turn               (no ring)

@: no status effects
A: sickness immunity, AC +3, negative energy resistance 1, electricity
resistance, torment resistance 1, petrification resistance
a: no special abilities


You were on level 2 of the Dungeon.
You visited 1 branch of the dungeon, and saw 2 of its levels.

You collected 52 gold pieces.

Inventory:

Hand Weapons
 a - a +0 club
 h - a +0 whip (weapon)
Missiles
 c - 77 stones
Armour
 b - a +0 robe (worn)
Jewellery
 f - a +4 ring of evasion (left hand)
 g - a ring of flight
Scrolls
 d - a scroll of identify
 e - a scroll of amnesia
 j - a scroll of vulnerability {unknown}
Potions
 i - a potion of curing


   Skills:
 + Level 1.6 Dodging
 - Level 2.1 Stealth
 + Level 2.9 Spellcasting
 * Level 2.1 Conjurations
 - Level 0.7 Transmutations
 + Level 5.0 Earth Magic


You had 4 spell levels left.
You knew the following spells:

 Your Spells              Type           Power      Damage    Failure   Level
a - Sandblast             Erth           38%        2d10      2%          1
b - Stone Arrow           Conj/Erth      28%        3d8       12%         3

Your spell library contained the following spells:

 Spells                   Type           Power      Damage    Failure   Level
 Passwall                 Tmut/Erth      10%        N/A       9%          2
 Ensorcelled Hibernation  Hex/Ice        4%         N/A       26%         2
 Spider Form              Tmut/Pois      3%         N/A       41%         3
 Gell's Gravitas          Tloc           2%         N/A       47%         3
 Teleport Other           Tloc           2%         N/A       47%         3
 Petrify                  Tmut/Erth      12%        N/A       47%         4
 Anguish                  Hex/Necr       1%         N/A       87%         4
 Dispersal                Tloc           1%         N/A       100%        6


Dungeon Overview and Level Annotations

Branches:
Dungeon (2/15)

Altars:

Shops:
D:1 =[(?!

Annotations:
D:2 Sigmund


Innate Abilities, Weirdness & Mutations

You are immune to sickness and miasma.
Your stone body is resilient. (AC +3)
You are immune to poison.
You resist negative energy. (rN+)
You are resistant to electric shocks. (rElec)
You are resistant to unholy torment.
You are immune to petrification.


Message History

The blast of sand hits the orc.
The orc is heavily wounded.
The blast of sand hits the orc.
The orc is almost dead.
The orc hits you with a +0 mace.
The orc hits you from afar with a +0 trident.
The orc priest closely misses you. The orc closely misses you.
The blast of sand hits the orc.
You kill the orc!
The orc hits you but does no damage. The orc priest barely misses you.
The orc completely misses you.
The blast of sand misses the orc priest.
The orc misses you. The orc priest misses you. The orc completely misses you.
The blast of sand hits the orc priest!
The orc priest is severely wounded.
The orc closely misses you.
The orc priest hits you with a +0 war axe!
You are too injured to fight recklessly!
You are too injured to fight recklessly!
Casting: Sandblast (safe; 2% risk of failure)
Confirm with . or Enter, or press ? or * to list all spells.
Aiming: Sandblast (safe; 2% risk of failure)
Press: ? - help, Shift-Dir - straight line, f/p - orc priest
Aim: an orc priest, wielding a +0 war axe (severely wounded, 79% to hit)
The blast of sand hits the orc priest!
You kill the orc priest!
The orc hits you from afar with a +0 trident.
Your Conjurations skill increases to level 2!
Your Earth Magic skill increases to level 5!
The orc completely misses you. x2
Things that are here:
a +0 war axe; a +0 club; an orc corpse You hit the orc but do no damage.
The orc misses you.
The orc hits you from afar with a +0 trident.
* * * LOW HITPOINT WARNING * * *
The orc misses you.
You hit the orc.
The orc is heavily wounded.
The orc hits you but does no damage. The orc hits you with a +0 hand axe.
You die...

r.#.......####
>##.........##
###†.)...##..# #
#....†####.## ###>....#
#..##### .......##
##>....## ###....#
#####..#### .##....#
######...<# g##....####
#...@..##.....
.................o........
##r##########..o...##.....
g..................# ####
###.#########..!...#
.##.## #.###### g.#..# #.
#<...##### .. ..........


You could see 2 orcs.

Vanquished Creatures
  An orc priest (D:2)
  Jessica (D:2)
  2 adders (D:2)
  2 orcs (D:2)
  4 bats
  3 endoplasms
  4 goblins (D:1)
  3 hobgoblins
  2 quokkas (D:1)
  2 frilled lizards
  3 kobolds
  2 rats
29 creatures vanquished.

Notes
Turn   | Place    | Note
-------+----------+-------------------------------------------
     0 | D:1      | Cykl0x the Gargoyle Earth Elementalist began the quest for
                  | the Orb.
     0 | D:1      | Reached XP level 1. HP: 10/10 MP: 3/3
   249 | D:1      | Reached XP level 2. HP: 15/15 MP: 1/5
   305 | D:1      | You fall into a shaft and drop 1 floor!
   344 | D:1      | Found Tocunn's Armour Shop.
   349 | D:1      | Found Dacseb's Weapon Boutique.
   464 | D:1      | Found a faded altar of an unknown god.
   487 | D:1      | Found Ceurch's Magic Scroll Emporium.
   505 | D:1      | Reached skill level 4 in Earth Magic
   547 | D:1      | Found Erofuonu's Distillery.
   628 | D:1      | Found Nukalycsuw's Jewellery Shop.
   841 | D:1      | Noticed an ogre
   843 | D:1      | Noticed an ogre
   845 | D:1      | Noticed an ogre
   845 | D:1      | Noticed an ogre
  1055 | D:2      | Reached skill level 1 in Conjurations
  1065 | D:2      | Reached XP level 3. HP: 17/19 MP: 1/6
  1069 | D:2      | Learned a level 3 spell: Stone Arrow
  1144 | D:2      | Noticed Jessica
  1147 | D:2      | Noticed Sigmund
  1149 | D:2      | Killed Jessica
  1150 | D:2      | Reached XP level 4. HP: 19/24 MP: 0/7
  1323 | D:2      | Reached skill level 5 in Earth Magic
  1325 | D:2      | Slain by an orc

Illustrated notes

Levels and vault maps discovered:
D:1:      erik_arrival_cave_to_civilisation [erik_arrival_cave_to_temple],
          layout_rooms, hellmonk_ecumenical_altar_inner_sanctum, serial_shops,
          nicolae_shop_advertising_works [nicolae_subvault_shop_adworks], shop,
          shop_statue, shop, shop
D:2:      layout_rooms, minmay_pentomino_o2, uniq_sigmund, uniq_jessica

Skill      XL: |  1  2  3  4 |
---------------+-------------+-----
Earth Magic    | 4 5 |  5.0
Conjurations   | 1 2 |  2.1
Dodging        | |  1.6
Stealth        | |  2.1
Spellcasting   | |  2.9
Transmutations | |  0.7

Action                   |  1- 3 |  4- 6 || total
-------------------------+-------+-------++-------
Melee: Club              |     5 |       ||     5
       Whip              |       |     2 ||     2
 Cast: Sandblast         |    28 |    12 ||    40
       Stone Arrow       |     1 |       ||     1
  Use: Scroll            |     2 |       ||     2
Armor: Robe              |     4 |     2 ||     6
Dodge: Dodged            |     9 |    12 ||    21
